cohdb
Replays
Latest Replays
All Replays
Popular Replays
Top Player Replays
Match Explorer
How It Works
Community
CoH3 Stats
Reddit
Sign in to upload your games and track your stats! →
Sign in with Steam
Match 25781531
Unlisted
Match 25781531
Overview
Messages
Build Orders
End
Construct Section Command Post
Infantry Section
Infantry Section
ML 3-inch Mortar Team
Dingo Light Scout Car
Dingo Light Scout Car
Construct Platoon Command Post
Construct Company Command Post
Selects Indian Artillery Battlegroup
Selects War Cry
Selects Gurkha Rifles Section
Gurkha Rifles Section
Matilda II Heavy Tank
Foot Guards Section
Matilda II Heavy Tank
Gurkha Rifles Section
Selects Volunteer Infantry
Selects Artillery Saturation
6-pounder Anti-tank Gun Team
Foot Guards Section
Selects Off-map Airburst Barrage
Off-map Airburst Barrage
Unlock M3 Grant Medium Tanks
Unlock Towed 17-pounder Anti-tank Guns
Royal Engineer Section
Off-map Airburst Barrage
SneaKerz
gb_gbg
IL_Tromb0
Libanese_de_Roma
0
0
Comments
sign in to comment!
No comments posted yet!